 Dungeon Crawl Stone Soup version 0.27-a0-46-g34d46f0a3f (webtiles) character file.

Game seed: 8822952325091708614

304 Borgoz the Ruffian (level 6, -6/51 HPs)
             Began as a Ghoul Gladiator on Jan 7, 2021.
             Killed by divine providence
             ... invoked by an orc priest
              (10 damage)
             ... on level 4 of the Dungeon.
             The game lasted 00:03:37 (3037 turns).

Borgoz the Ruffian (Ghoul Gladiator)                Turns: 3037, Time: 00:03:37

Health: -6/51      AC:  8    Str: 18    XL:     6   Next: 38%
Magic:  5/5        EV: 13    Int:  3    God:
Gold:   148        SH:  0    Dex: 12    Spells: 5/5 levels left

rFire    . . .     SeeInvis .     - Unarmed
rCold    + + .     Faith    .   (no shield)
rNeg     + + +     Spirit   .   a - +0 leather armour
rPois    ∞         Reflect  .   b - +0 helmet
rElec    .         Harm     .   (no cloak)
rCorr    .         Rampage  .   (no gloves)
Will     .....                  (no boots)
Stlth    +.........             (no amulet)
HPRegen  0.00/turn              m - +4 ring of protection
MPRegen  0.09/turn              p - ring of protection from cold

@: no status effects
A: claws 1, cold resistance 1, negative energy resistance 3, inhibited
regeneration, torment resistance, unbreathing
a: no special abilities


You were on level 4 of the Dungeon.
You visited 1 branch of the dungeon, and saw 4 of its levels.

You collected 148 gold pieces.

Inventory:

Missiles
 c - 5 throwing nets (quivered)
Armour
 a - a +0 leather armour (worn)
 b - a +0 helmet (worn)
 v - a +4 scale mail
Jewellery
 m - a +4 ring of protection (left claw)
 p - a ring of protection from cold (right claw)
Scrolls
 e - 2 scrolls of amnesia {unknown}
 f - 3 scrolls of remove curse
 g - 2 scrolls of magic mapping {unknown}
 h - 4 scrolls of identify {unknown}
 i - 2 scrolls of teleportation {unknown}
 j - 2 scrolls of enchant weapon {unknown}
 l - a scroll of fear {unknown}
Potions
 d - a potion of invisibility {unknown}
 k - 2 potions of ambrosia {unknown}
 n - a potion of curing {unknown}
 o - 2 potions of lignification
 q - a potion of haste {unknown}
 r - a potion of magic {unknown}
 s - a potion of flight {unknown}
 t - a potion of attraction {unknown}
 u - a potion of resistance {unknown}


   Skills:
 + Level 3.4 Fighting
 - Level 1.7 Throwing
 * Level 2.9 Armour
 * Level 4.3 Dodging
 + Level 4.3 Unarmed Combat


You had 5 spell levels left.
You didn't know any spells.
Your spell library was empty.

Dungeon Overview and Level Annotations

Branches:
Dungeon (4/15)
 Temple: D:4-7

Altars:
Fedhas
Qazlal


Innate Abilities, Weirdness & Mutations

You thrive by killing the living.
You are immune to poison.
You have sharp fingernails.
Your flesh is cold resistant. (rC+)
You are immune to negative energy. (rN+++)
You do not regenerate when monsters are visible.
You are immune to unholy pain and torment.
You can survive without breathing.


Message History

The orc priest hits you with a +0 hand axe!
* * * LOW HITPOINT WARNING * * *
You are too injured to fight recklessly!
You are too injured to fight recklessly!
You are too injured to fight recklessly!
You are too injured to fight recklessly!
You are too injured to fight recklessly!
You are too injured to fight recklessly!
You are too injured to fight recklessly!
You are too injured to fight recklessly!
You are too injured to fight recklessly!
You are too injured to fight recklessly!
Okay, then.
It was a potion of lignification.
You feel woody for a moment. The orc hits you but does no damage.
The orc barely misses you. The ogre barely misses you.
The orc barely misses you.
The orc priest invokes the aid of Beogh against you.
Beogh smites you!
You die...

#. #........#.....# #..
#........#.....# #...
#.!.....##.....#
#...##.......##.....#
............#.....#
..........#.....#
#Oo......#.....### .
#oo......#.<...... ...
#@o.....##........
....##.......##........
........[...........##.
#...##.......##.....#
#.. ##.......##.....#
.. +...............# .
#...............#
##.......##.....#
#.......##.....#


You could see an ogre, an orc priest and 3 orcs.

Vanquished Creatures
  2 orc priests
  An iguana (D:2)
  2 orc wizards
  3 gnolls (D:3)
  2 adders
  4 worms
  6 dart slugs
  A leopard gecko (D:1)
  8 orcs
  2 giant cockroaches (D:2)
  7 hobgoblins
  8 jackals
  A ball python (D:1)
  9 bats
  6 frilled lizards
  14 goblins
  10 kobolds
  10 rats
96 creatures vanquished.

Notes
Turn   | Place    | Note
-------+----------+-------------------------------------------
     0 | D:1      | Borgoz the Ghoul Gladiator began the quest for the Orb.
     0 | D:1      | Reached XP level 1. HP: 17/17 MP: 0/0
   181 | D:1      | Reached XP level 2. HP: 25/25 MP: 1/1
   355 | D:1      | Reached skill level 1 in Armour
   488 | D:1      | Reached XP level 3. HP: 30/30 MP: 2/2
  1409 | D:2      | Reached XP level 4. HP: 37/37 MP: 3/3
  1512 | D:2      | Found a stormy altar of Qazlal.
  2084 | D:4      | Reached XP level 5. HP: 39/44 MP: 4/4
  2570 | D:3      | Found a blossoming altar of Fedhas.
  2674 | D:3      | Reached XP level 6. HP: 51/51 MP: 5/5
  2863 | D:3      | Found a faded altar of an unknown god.
  3037 | D:4      | Killed from afar by an orc priest

Illustrated notes

Levels and vault maps discovered:
D:1:      dpeg_arrival_radiant, layout_basic
D:2:      layout_rooms, nicolae_qazlal_eye_of_the_storm, serial_curves,
          eino_curves_02, eino_curves_04, minmay_pentomino_w4
D:3:      layout_rooms, nicolae_overflow_crystal_walls,
          chequers_ecumenical_altar_simple, roderic_three_in_a_row, st_stairs_10
D:4:      layout_gridville, serial_shops, shop, chequers_serial_rivers_micro_c

Skill      XL: |  1  2  3  4  5 |
---------------+----------------+-----
Dodging        | 3 4 |  4.3
Armour         | 1 2 |  2.9
Fighting       | 3 |  3.4
Unarmed Combat | 4 |  4.3
Throwing       | |  1.7

Action                   |  1- 3 |  4- 6 || total
-------------------------+-------+-------++-------
Melee: Unarmed           |   124 |   203 ||   327
       Punch             |     1 |     2 ||     3
Throw: Throwing net      |     3 |       ||     3
  Use: Scroll            |     1 |       ||     1
       Potion            |       |     1 ||     1
 Stab: Held in net/web   |     2 |       ||     2
Armor: Leather armour    |    48 |    59 ||   107
Dodge: Dodged            |   103 |   149 ||   252

Table legend: (Time is in decaauts)
 A = Elapsed time spent in this place.
 B = Non-inter-level travel time spent in this place.
 C = Inter-level travel time spent in this place.
 D = Time resting spent in this place.
 E = Time spent auto-exploring this place.
 F = Levels seen in this place.
 G = Mean time per level.
                   A        B        C        D        E       F      G
               +--------+--------+--------+--------+--------+-----+--------+
         Total |   3016 |   2952 |     64 |    534 |   1732 |   4 |  754.0 |
       Dungeon |   3016 |   2952 |     64 |    534 |   1732 |   4 |  754.0 |
               +--------+--------+--------+--------+--------+-----+--------+

Top non-repeatable levels by time:
     D:2: 958 daAuts
     D:1: 954 daAuts
     D:3: 732 daAuts
     D:4: 369 daAuts
